 Dungeon Crawl Stone Soup version 0.19-a0-994-g3c636f0 (webtiles) character file.

7571 4thArraOfDagon the Cleaver (level 11, 0/86 HPs)
             Began as a Formicid Fighter on July 16, 2016.
             Was a High Priest of Uskayaw.
             Slain by a hill giant
             ... wielding a +0 giant club
              (18 damage)
             ... on level 13 of the Dungeon.
             The game lasted 00:19:46 (3613 turns).

4thArraOfDagon the Cleaver (Formicid Fighter)       Turns: 3613, Time: 00:19:47

Health: 0/86       AC: 14    Str: 27    XL:     11   Next: 39%
Magic:  17/17      EV: 10    Int: 10    God:    Uskayaw [*****.]
Gold:   452        SH: 16    Dex: 10    Spells: 0 memorised, 10 levels left

rFire  + . .     SeeInvis +     a - +0 war axe
rCold  . . .     Gourm    .     b - +0 scale mail
rNeg   . . .     Faith    .     u - +2 shield
rPois  .         Spirit   .     (helmet unavailable)
rElec  .         Dismiss  .     p - +0 cloak
rCorr  +         Reflect  .     H - +0 pair of gloves
SustAt .         Harm     .     e - +0 pair of boots
MR     +....                    J - amulet of magic regeneration
Stlth  ..........               N - ring of resist corrosion
                                O - ring of protection from fire

@: mighty, somewhat resistant to hostile enchantments, extremely unstealthy
A: permanent stasis, dig shafts and tunnels, four strong arms, antennae 3, large
bone plates 1, deterioration 1, no device heal 1
a: Dig, Shaft Self, Stomp, Line Pass, Grand Finale, Renounce Religion


You were on level 13 of the Dungeon.
You worshipped Uskayaw.
Uskayaw was aware of your devotion.
You were hungry.

You visited 1 branch of the dungeon, and saw 13 of its levels.
You also visited: Sewer.

You collected 452 gold pieces.

Inventory:

Hand Weapons
 a - a +0 war axe (weapon)
 d - a -3 battleaxe
 E - a cursed -1 flail
Armour
 b - a +0 scale mail (worn)
 c - a +0 shield
 e - a +0 pair of boots (worn)
 p - a +0 cloak (worn)
 u - a +2 shield (worn)
 H - a +0 pair of gloves (worn)
Jewellery
 F - an uncursed ring of stealth
 J - an amulet of magic regeneration (around neck)
 N - a ring of resist corrosion (right hand)
 O - a ring of protection from fire (left hand)
Wands
 i - a wand of flame (12/48)
 w - a wand of random effects (29/48)
 A - a wand of disintegration (18/24)
 G - a wand of lightning (11/15)
 M - a wand of lightning (8/15)
 P - a wand of slowing (32/48)
 Q - a wand of digging (10/24)
Scrolls
 h - a scroll of recharging
 m - a scroll of remove curse
 r - 3 scrolls of teleportation
 s - a scroll of amnesia
 t - 2 scrolls of identify
 z - a scroll of fog
 B - a scroll of random uselessness
Potions
 k - 4 potions of curing
 n - 2 potions of invisibility {unknown}
 o - a potion of lignification
 q - a potion of degeneration
 x - a potion of heal wounds {unknown}
 I - a potion of flight
 K - a potion of mutation {unknown}
Books
 j - a book of the Tempests

   Spells                             Type                      Level
   a - Static Discharge               Conjuration/Air              3
   b - Lightning Bolt                 Conjuration/Air              5
   c - Fireball                       Conjuration/Fire             5
   d - Tornado                        Air                          9
   e - Shatter                        Earth                        9
Comestibles
 f - 7 bread rations
 g - 2 slices of pizza
 l - 2 beef jerkies
 v - 2 meat rations
 C - 3 fruits


   Skills:
 + Level 8.1 Fighting
 * Level 10.2 Axes
 + Level 8.4 Armour
 + Level 8.7 Shields
 + Level 8.2 Invocations


You had 10 spell levels left.
You didn't know any spells.

Dungeon Overview and Level Annotations

Branches:
Dungeon (14/15)              Lair (0/6) D:11
 Temple: D:4-7          Orc: D:9-12      Vaults: D:13-14

Altars:
Kikubaaqudgha
Nemelex Xobeh
Okawaru
Pakellas
Uskayaw
Xom

Annotations:
D:8 Gastronok
D:10 Erica


Innate Abilities, Weirdness & Mutations

You are under a permanent stasis effect.
You can dig through walls and to a lower floor.
Your four strong arms can wield two-handed weapons with a shield.
You have a pair of large antennae on your head. (SInv)
You are partially covered in large bone plates. (AC +2, SH +2)
Your body sometimes deteriorates upon taking damage.
Potions and wands are less effective at restoring your health.


Message History

You block the centaur skeleton's attack.
Uskayaw links your audience in an emotional bond!
A hill giant comes into view. It is wielding a giant club.
You completely miss the centaur skeleton.
The centaur skeleton hits you but does no damage.
Unknown command.
You slice the centaur skeleton!!
The centaur skeleton hits you but does no damage.
The centaur skeleton barely misses you.
Unknown command.
You slash the centaur skeleton!
The centaur skeleton hits you but does no damage.
Unknown command.
You slice the centaur skeleton!!
You destroy the centaur skeleton!
Unknown command.
Unknown command.
You fail to use your ability.
The hill giant hits you with a giant club!!
You die...

.$........#
...<.....
###...)...
......$.
###.....#
#.....††###.#.
#.....>.......
..#.....).####..
.......@.##
..)....C.......
.......)....###
........%.###
..........#
.....:...##
..........
.......... ...
.. #..#


You could see a hill giant.

Vanquished Creatures
  An unseen horror (D:10)
  A hill giant (D:11)
  3 deep elf magi (D:13)
  2 centaur skeletons
  A two-headed ogre (D:13)
  A wyvern (D:9)
  A basilisk (D:10)
  A hippogriff (D:8)
  2 hell hounds (D:11)
  An orc warrior (D:11)
  2 ice beasts
  A sky beast (D:11)
  3 ogres
  A phantom (D:9)
  A necrophage (D:8)
  An ogre (shapeshifter) (D:13)
  2 centaurs
  A crocodile (D:13)
  6 giant frogs
  A wyvern zombie (D:11)
  3 scorpions
  3 jellies
  3 howler monkeys
  5 crimson imps
  3 centaur zombies
  A giant frog zombie (D:6)
  A quasit (D:6)
  7 hounds
  2 orc wizards
  2 orc priests
  Jessica (D:3)
  3 giant frog skeletons
  3 iguanas
  Ijyb (D:3)
  6 worker ants
  A spectral worker ant (D:10)
  A hound skeleton (D:6)
  2 worker ant zombies
  7 adders
  An ooze (D:3)
  An adder zombie (D:9)
  2 adder skeletons
  A worm (D:4)
  2 dart slugs (D:2)
  8 giant geckos
  23 orcs
  7 giant cockroaches
  2 gnoll zombies (D:4)
  7 goblins
  4 hobgoblins
  2 jackals (D:7)
  3 quokkas
  3 ball pythons
  2 bats
  4 giant newts
  10 kobolds
  6 rats
176 creatures vanquished.

Vanquished Creatures (others)
  The ghost of crawlian the Firebug, a novice DEFE (D:4)
  A yak (D:7)
  A crocodile (D:13)
  An orc priest (D:8)
  An orc (D:11)
  3 plants (D:13)
8 creatures vanquished.

Grand Total: 184 creatures vanquished

Notes
Turn   | Place    | Note
-------+----------+-------------------------------------------
     0 | D:1      | 4thArraOfDagon the Formicid Fighter began the quest for the Orb.
     0 | D:1      | Reached XP level 1. HP: 18/18 MP: 1/1
     8 | D:1      | You fall through a shaft!
    44 | D:3      | Reached XP level 2. HP: 24/24 MP: 2/2
    99 | D:3      | Found a glowing drain.
   159 | D:3      | Reached XP level 3. HP: 12/29 MP: 3/3
   175 | D:3      | Found a hide-covered altar of Uskayaw.
   175 | D:3      | Noticed a hand axe
   176 | D:3      | Noticed a dagger
   183 | D:3      | Became a worshipper of Uskayaw the Reveler
   222 | Sewer    | Entered a sewer
   247 | Sewer    | Reached * piety under Uskayaw
   338 | D:3      | Reached skill level 3 in Axes
   370 | D:4      | Reached XP level 4. HP: 22/35 MP: 4/4
   370 | D:4      | Reached ** piety under Uskayaw
   381 | D:4      | Reached skill level 1 in Invocations
   433 | D:4      | Reached XP level 5. HP: 26/41 MP: 5/5
   458 | D:4      | Noticed crawlian's ghost (novice DEFE)
   468 | D:5      | Entered Level 5 of the Dungeon
   553 | D:5      | Noticed an ice beast
   612 | D:3      | Found an iron altar of Okawaru.
   651 | D:3      | Noticed Jessica
   656 | D:3      | Killed Jessica
   672 | D:2      | Reached *** piety under Uskayaw
   869 | D:1      | Reached XP level 6. HP: 48/48 MP: 7/7
   978 | D:2      | Reached skill level 4 in Axes
  1179 | D:3      | Noticed Ijyb
  1190 | D:3      | Killed Ijyb
  1454 | D:4      | Killed crawlian's ghost
  1454 | D:4      | Reached skill level 5 in Axes
  1454 | D:4      | Reached XP level 7. HP: 23/55 MP: 7/9
  1482 | D:5      | You fall through a shaft for 3 floors!
  1493 | D:8      | Reached skill level 5 in Armour
  1581 | D:7      | Reached skill level 5 in Shields
  1581 | D:7      | Reached XP level 8. HP: 30/61 MP: 10/10
  1611 | D:7      | Found an oddly glowing altar of Pakellas.
  1611 | D:7      | Noticed a yak
  1617 | D:7      | Killed a yak
  1708 | D:7      | Reached skill level 5 in Fighting
  1864 | D:6      | Reached skill level 6 in Axes
  2154 | D:5      | Reached XP level 9. HP: 32/68 MP: 10/12
  2295 | D:8      | Reached skill level 5 in Invocations
  2351 | D:8      | Reached skill level 7 in Axes
  2418 | D:8      | Noticed Gastronok
  2529 | D:8      | Found a shimmering altar of Xom.
  2870 | D:9      | Found an ancient bone altar of Kikubaaqudgha.
  2941 | D:10     | Entered Level 10 of the Dungeon
  2976 | D:10     | Reached **** piety under Uskayaw
  2978 | D:10     | Reached skill level 8 in Axes
  2978 | D:10     | Reached XP level 10. HP: 52/77 MP: 14/14
  3002 | D:10     | Noticed an unseen horror
  3024 | D:10     | Killed an unseen horror
  3070 | D:10     | Noticed Erica
  3128 | D:10     | Noticed a hill giant
  3134 | D:10     | Noticed a hill giant
  3203 | D:11     | Found a staircase to the Lair.
  3235 | D:11     | Noticed a hill giant
  3255 | D:11     | Killed a hill giant
  3255 | D:11     | Reached skill level 9 in Axes
  3256 | D:11     | Reached ***** piety under Uskayaw
  3306 | D:11     | Gained mutation: Your body sometimes deteriorates upon taking damage. [mutagenic meat]
  3309 | D:11     | Gained mutation: Your muscles are strong. (Str +2) [mutagenic meat]
  3312 | D:11     | Gained mutation: Potions and wands are less effective at restoring your health. [mutagenic meat]
  3365 | D:10     | Found a sparkling altar of Nemelex Xobeh.
  3510 | D:11     | Noticed a cyclops
  3517 | D:11     | You fall through a shaft for 2 floors!
  3523 | D:13     | Reached XP level 11. HP: 60/84 MP: 16/16
  3536 | D:13     | Noticed a deep elf mage
  3545 | D:13     | HP: 3/85 [deep elf mage/lance of force (14)]
  3545 | D:13     | HP: 1/85 [crocodile collision (2)]
  3546 | D:13     | Killed a deep elf mage
  3553 | D:13     | Gained mutation: You are partially covered in large bone plates. (AC +2, SH +2) [mutagenic meat]
  3556 | D:13     | Lost mutation: Your muscles are strong. (Str +2) [mutagenic meat]
  3588 | D:13     | You fall through a shaft!
  3596 | D:13     | Noticed a deep elf mage
  3601 | D:13     | Noticed a deep elf mage
  3603 | D:13     | Killed a deep elf mage
  3603 | D:13     | Reached skill level 10 in Axes
  3605 | D:13     | Killed a deep elf mage
  3608 | D:13     | Noticed a hill giant
  3613 | D:13     | Slain by a hill giant

Vault maps used:
D:1:      dpeg_arrival_erosion
D:2:      lemuel_round_altar
D:3:      dancing_weapons_uskayaw, nicolae_overflow_hidden_temple,
          gup_sewer_entry_pipe, uniq_jessica, uniq_iyjb
D:4:      lemuel_zombie_altar_yredelemnul, first_bread
D:5:      uniq_duvessa
D:7:      marbit_many_paths, gammafunk_pakellas_its_alive, lemuel_blue_sif_altar
D:8:      the_bakery, xom_confusion_cloud, uniq_gastronok
D:9:      nicolae_overflow_crystal_walls
D:10:     kennysheep_nub, hangedman_weighted_door, nemelex_diamond_rough_becter,
          uniq_erica
D:11:     minmay_lair_entry_lava
D:13:     minmay_lizard_king
D:14:     lightli_vaults_fourway_checkpoint, nrook_mini_backslash, basic_altar
Sewer:    sewer_co_tree

Skill      XL: |  1  2  3  4  5  6  7  8  9 10 11 |
---------------+----------------------------------+-----
Axes           | 3 5 6 8 9 10 | 10.2
Shields        | 4 5 6 8 |  8.7
Invocations    | 1 2 3 4 6 7 8 |  8.2
Armour         | 4 5 6 7 8 |  8.4
Fighting       | 4 5 6 7 8 |  8.1

Action                   |  1- 3 |  4- 6 |  7- 9 | 10-12 || total
-------------------------+-------+-------+-------+-------++-------
Melee: War axe           |   101 |   147 |   287 |   115 ||   650
       Battleaxe         |       |       |       |    10 ||    10
Invok: Stomp             |       |       |     9 |     3 ||    12
       Grand Finale      |       |       |       |     1 ||     1
 Abil: Shaft Self        |     1 |       |     1 |     2 ||     4
       Dig               |     2 |    10 |    13 |     2 ||    27
Evoke: Wand              |       |     5 |     5 |     1 ||    11
  Use: Scroll            |     1 |       |       |    11 ||    12
       Potion            |       |     3 |       |    10 ||    13
 Stab: Paralysed         |       |     1 |     5 |    10 ||    16
  Eat: Chunk             |       |     5 |     8 |    10 ||    23
       Fruit             |       |       |     1 |       ||     1
Armor: Scale mail        |    47 |    69 |   132 |    46 ||   294
       Skin              |       |       |       |     6 ||     6
Dodge: Dodged            |    36 |    68 |   117 |    42 ||   263
Block: Shield            |    56 |    91 |   246 |    97 ||   490
